 Dungeon Crawl Stone Soup version 0.29-a0-393-g47a863cc1b (webtiles) character file.

Game seed: 14377662773198699104

23 kevlar127 the Ruffian (level 2, 0/29 HPs)
             Began as a Troll Berserker on May 10, 2022.
             Was a Follower of Trog.
             Slain by a goblin
             ... wielding a +0 club
             ... led by Robin
              (2 damage)
             ... on level 2 of the Dungeon.
             The game lasted 00:01:29 (854 turns).

kevlar127 the Ruffian (Troll Berserker)              Turns: 854, Time: 00:01:29

Health: 0/29       AC:  4    Str: 24    XL:     2   Next: 72%
Magic:  1/1        EV: 10    Int:  3    God:    Trog [*.....]
Gold:   64         SH:  0    Dex:  9    Spells: 1/1 levels left

rFire   . . .      SeeInvis .     - Unarmed
rCold   . . .      Faith    .   (no shield)
rNeg    . . .      Spirit   .   a - +0 animal skin
rPois   .          Reflect  .   (helmet restricted)
rElec   .          Harm     .   (no cloak)
rCorr   .          Rampage  .   (gloves unavailable)
Will    .....                   (boots unavailable)
Stlth   +.........              (no amulet)
HPRegen 0.89/turn               (no ring)
MPRegen 0.07/turn               (no ring)

@: slowed, very slow
A: large, unfitting armour, claws 3, regeneration 1, shaggy fur 1, tough skin 1
a: Renounce Religion, Berserk


You were on level 2 of the Dungeon.
You worshipped Trog.
Trog was aware of your devotion.
You visited 1 branch of the dungeon, and saw 2 of its levels.

You collected 64 gold pieces.

Inventory:

Missiles
 d - 4 atropa-tipped darts (quivered)
 e - 22 stones
 g - 3 curare-tipped darts
Armour
 a - a +0 animal skin (worn)
Scrolls
 b - a scroll of magic mapping {unknown}
 c - 3 scrolls of identify {unknown}
Potions
 f - a potion of attraction {unknown}


   Skills:
 + Level 2.7 Fighting
 + Level 2.7 Dodging
 + Level 3.3 Unarmed Combat


You had one spell level left.
You didn't know any spells.
Your spell library was empty.

Dungeon Overview and Level Annotations

Branches:
Dungeon (2/15)

Altars:

Annotations:
D:2 Natasha, Robin


Innate Abilities, Weirdness & Mutations

You are too large for most types of armour.
You have claws for hands.
Your natural rate of healing is unusually fast.
You are covered in fur. (AC +1)
You have tough skin. (AC +1)


Message History

A goblin comes into view. It is wielding a +0 club. x2
Natasha stares at you and mumbles some strange words.
You feel yourself slow down.
You scratch Natasha.
Natasha is lightly wounded.
Robin throws the goblin at you!
A goblin comes into view. It is wielding a +0 club.
Natasha barely misses you.
Robin roars a battlecry!
The goblins go into a battle-frenzy!
The goblin hits you with a +0 dagger. The goblin attacks as you move away!
The goblin completely misses you. Natasha claws you!
A goblin comes into view. It is wielding a +0 dagger.
Robin throws the goblin at you! Natasha claws you!
The goblin attacks as you move away! The goblin hits you but does no damage.
Natasha attacks as you move away! Natasha claws you.
* * * LOW HITPOINT WARNING * * *
Found 3 large rocks.
The goblin unwields a +0 dagger.
The goblin wields a +0 hunting sling.
The goblin shoots a sling bullet.
The sling bullet closely misses you. The goblin hits you with a +0 club.
* * * LOW HITPOINT WARNING * * *
The goblin barely misses you.
Natasha mumbles some strange words.
Found a stone staircase leading down.
Robin drinks a potion.
Robin suddenly seems more resistant.
The goblin hits you with a +0 club.
* * * LOW HITPOINT WARNING * * *
The goblin hits you with a +0 dagger.
* * * LOW HITPOINT WARNING * * *
The hobgoblin hits you.
* * * LOW HITPOINT WARNING * * *
You see here 3 large rocks.
You barely miss the hobgoblin. The goblin barely misses you.
The goblin closely misses you.
You barely miss the goblin. The goblin closely misses you.
The hobgoblin hits you.
* * * LOW HITPOINT WARNING * * *
The goblin barely misses you.
The goblin hits you but does no damage. x2
The goblin closely misses you. The goblin hits you with a +0 club.
You die...

.......# . .......#.. ♣♣≈
≈≈P.♣. .........# .≈≈
≈≈...♣. :.....# ..##
...♣≈...... .....##
...#♣..P..P....
......#####..#..........
...............#gg....[.
.........###...ggg......
...............g@gg....>
#...#.........gg##......
######.##..##..h##.#....
#.###....?5..g# ###
######...####..g..##
.....###..# #.#..###
####..###.###......# .#
##.........##...###### # .#
#.##...##.##........####...


You could see Robin (resistant), Natasha, a white imp (summoned), 2 hobgoblins
and 8 goblins.

Vanquished Creatures
  2 ball pythons (D:1)
  A bat (D:2)
  4 endoplasms
  3 goblins
  3 hobgoblins (D:1)
  A quokka (D:1)
  A frilled lizard (D:1)
  2 kobolds (D:1)
  2 rats (D:1)
19 creatures vanquished.

Notes
Turn   | Place    | Note
-------+----------+-------------------------------------------
     0 | D:1      | kevlar127 the Troll Berserker began the quest for the Orb.
     0 | D:1      | Reached XP level 1. HP: 22/22 MP: 0/0
   415 | D:1      | Reached XP level 2. HP: 29/29 MP: 1/1
   686 | D:1      | You fall into a shaft and drop 1 floor!
   844 | D:2      | Noticed Natasha
   845 | D:2      | Noticed Robin
   854 | D:2      | Slain by a goblin

Illustrated notes

Levels and vault maps discovered:
D:1:      dpeg_arrival_radiant, layout_basic
D:2:      layout_rooms, serial_curves, eino_curves_03, eino_curves_04,
          eino_curves_04, eino_curves_01, serial_bayou_pond_a, minivault_23,
          uniq_natasha, uniq_robin

Action                   || total
-------------------------++-------
Melee: Unarmed           ||    34
Armor: Animal skin       ||    14
Dodge: Dodged            ||    23

Table legend: (Time is in decaauts)
 A = Elapsed time spent in this place.
 B = Non-inter-level travel time spent in this place.
 C = Inter-level travel time spent in this place.
 D = Time resting spent in this place.
 E = Time spent auto-exploring this place.
 F = Levels seen in this place.
 G = Mean time per level.
                   A        B        C        D        E       F      G
               +--------+--------+--------+--------+--------+-----+--------+
         Total |    855 |    855 |      0 |      0 |    748 |   2 |  427.5 |
       Dungeon |    855 |    855 |      0 |      0 |    748 |   2 |  427.5 |
               +--------+--------+--------+--------+--------+-----+--------+

Top non-repeatable levels by time:
     D:1: 685 daAuts
     D:2: 170 daAuts
